cohdb
Replays
Latest Replays
All Replays
Popular Replays
Top Player Replays
Match Explorer
How It Works
Community
CoH3 Stats
Reddit
Sign in to upload your games and track your stats! →
Sign in with Steam
Match 40598978
Unlisted
Match 40598978
Overview
Messages
Build Orders
End
Construct Infanterie Kompanie
Grenadier Squad
GrW 34 Mortar Team
MG 42 Machine Gun Team
Grenadier Squad
Construct Panzergrenadier Kompanie
Pak 40 Anti-tank Gun Team
Medical Station
MG 42 Machine Gun Team
Panzergrenadier Squad
Panzergrenadier Squad
Construct Panzer Kompanie
Sturmpanzer IV Brummbär
MG 42 Machine Gun Team
Panzer IV Medium Tank
Sturmpanzer IV Brummbär
Stoßtruppen Squad
Selects Mechanized Battlegroup
Selects Spotting Scopes
Selects Wespe Self-propelled Artillery
Selects Zeroing Artillery Barrage
Zeroing Artillery Barrage
Wespe Self-propelled Artillery
Stoßtruppen Squad
Zeroing Artillery Barrage
Pioneer Squad
Side Skirts
Stoßtruppen Squad
Selects Raid Package
Selects StuG Assault Group
Selects UNKNOWN (2160084)
Panther Heavy Tank
Zeroing Artillery Barrage
2StrokeColdSmoke
Tank
Unsafe
Red
CaptainFireBall
2018 Honda Civic
0
0
Comments
sign in to comment!
No comments posted yet!